 Dungeon Crawl Stone Soup version 0.19-a0-559-ga3d69d0 (webtiles) character file.

690077 namelastname112 the Formicid Arbalest (level 27, -2/222 HPs)
             Began as a Formicid Assassin on June 8, 2016.
             Was the Champion of Dithmenos.
             Killed from afar by an orb of fire (18 damage)
             ... with a bolt of fire
             ... on level 5 of the Realm of Zot.
             The game lasted 03:38:40 (75438 turns).

namelastname112 the Formicid Arbalest (FoAs)       Turns: 75438, Time: 03:38:41

Health: -2/222     AC: 34    Str: 27    XL:     27
Magic:  35/35      EV: 14    Int: 19    God:    Dithmenos [******]
Gold:   2778       SH: 31    Dex: 14    Spells: 1 memorised, 22 levels left

rFire  + + .     SeeInvis +     b - +9 triple crossbow (velocity)
rCold  + + +     Gourm    .     f - +8 orange crystal plate armour {Archmagi, Int+3 Clar SustAt}
rNeg   + . .     Faith    .     h - +8 large shield of the Furies {+Fly MR+}
rPois  +         Spirit   .     (helmet unavailable)
rElec  +         Dismiss  .     p - +2 cloak {rC+}
rCorr  +         Reflect  .     e - +0 pair of gloves
SustAt +         Harm     .     K - +0 pair of boots
MR     +++..     Clarity  +     v - amulet "Usiont" {rN+ Regen+ Str+2 Int+3 SInv}
Stlth  ..........               F - +5 ring of slaying
                                X - ring "Qogautuo" {Wiz rF+ rC+}

@: resistant, wreathed by umbra, extremely resistant to hostile enchantments,
extremely unstealthy
A: permanent stasis, dig shafts and tunnels, four strong arms, antennae 3, beak,
blurry vision 1, clarity, clumsy 1, deformed body, deterioration 1, strong 1,
wild magic 1, MP-powered wands
a: Dig, Shaft Self, Shadow Step, Shadow Form, Renounce Religion, Evoke Flight
}: 3/15 runes: serpentine, barnacled, silver


You were on level 5 of the Realm of Zot.
You worshipped Dithmenos.
Dithmenos was exalted by your worship.
You were not hungry.

You visited 9 branches of the dungeon, and saw 51 of its levels.
You visited the Abyss 3 times.
You also visited: Labyrinth, Trove, Ossuary, Ice Cave, Volcano and Wizlab.

You collected 8696 gold pieces.
You spent 5918 gold pieces at shops.

Inventory:

Hand Weapons
 a - a +5 triple sword of slicing
 b - a +9 triple crossbow of velocity (weapon)
Missiles
 i - 2 curare-tipped needles
 w - 13 throwing nets
 Y - 1812 bolts (quivered)
Armour
 e - a +0 pair of gloves (worn)
 f - the +8 orange crystal plate armour (worn) {Archmagi, Int+3 Clar SustAt}
   (You bought it in a shop on level 2 of the Vaults)

   It affects your intelligence (+3).
   It sustains your strength, intelligence and dexterity.
   It protects you against confusion.
 h - the +8 large shield of the Furies (worn) {+Fly MR+}
   (You took it off Mennas on level 5 of the Depths)

   It affects your resistance to hostile enchantments.
   It lets you fly.
 p - a +2 cloak of cold resistance (worn)
 K - a +0 pair of boots (worn)
Rods
 r - a +8 lightning rod (11/11)
   (You found it in a labyrinth)
 x - a +4 iron rod (10/10)
   (You took it off a kobold demonologist on level 12 of the Dungeon)
Jewellery
 v - the amulet "Usiont" (around neck) {rN+ Regen+ Str+2 Int+3 SInv}
   (You bought it in a shop on level 3 of the Depths)

   [amulet of regeneration]

   It affects your strength (+2).
   It affects your intelligence (+3).
   It protects you from negative energy.
   It lets you see invisible.
   It increases your rate of regeneration.
 F - a +5 ring of slaying (right hand)
 X - the ring "Qogautuo" (left hand) {Wiz rF+ rC+}
   (You bought it in a shop on level 1 of the Elven Halls)

   [ring of wizardry]

   It improves your spell success rate.
   It protects you from fire.
   It protects you from cold.
Wands
 d - a wand of enslavement (11/24)
 D - a wand of iceblast (5/15)
 G - a wand of paralysis (15/24)
 H - a wand of iceblast (10/15)
 P - a wand of acid (7/15)
 R - a wand of iceblast (5/15)
 W - a wand of digging (4/24)
Scrolls
 c - 19 scrolls of remove curse
 y - 5 scrolls of fog
 B - 5 scrolls of fear
 S - 9 scrolls of magic mapping
 T - 29 scrolls of identify
 U - 12 scrolls of recharging
 Z - a scroll of silence
Potions
 j - 5 potions of agility
 l - 21 potions of flight
 n - 19 potions of curing
 o - 8 potions of might
 s - 3 potions of cure mutation
 u - 3 potions of magic
 z - 6 potions of cancellation
 A - 5 potions of ambrosia
 C - a potion of resistance
 M - 6 potions of brilliance
 Q - 2 potions of experience
 V - 3 potions of invisibility
Miscellaneous
 k - a fan of gales
 q - a phial of floods
 t - 3 boxes of beasts
 E - 3 phantom mirrors
 N - 4 sacks of spiders
Comestibles
 g - 43 bread rations
 m - 11 meat rations
 J - 17 beef jerkies
 L - a slice of pizza
 O - 14 fruits


   Skills:
 + Level 19.2 Fighting
   Level 7.6(14.5) Short Blades
 * Level 19.0(19.4) Long Blades
 O Level 27 Crossbows
 - Level 7.8 Throwing
 + Level 18.6 Armour
 + Level 16.3 Dodging
 - Level 10.5 Stealth
 + Level 19.2 Shields
 + Level 16.5 Evocations


You had 22 spell levels left.
You knew the following spells:

 Your Spells              Type           Power        Failure   Level  Hunger
a - Fulminant Prism       Conj/Hex       #.........   100%        4    #####..


Dungeon Overview and Level Annotations

Branches:
Dungeon (15/15)            Temple (0/1) D:7            Lair (8/8) D:8
 Shoals (4/4) Lair:4        Snake (4/4) Lair:5        Slime (0/6) Lair:8
    Orc (2/2) D:10            Elf (3/3) Orc:2        Vaults (5/5) D:13
  Crypt (0/3) Vaults:3     Depths (5/5) D:15            Zot (5/5) Depths:5

Altars:
Ashenzari
Dithmenos
Gozag
Kikubaaqudgha
Okawaru
Qazlal
Sif Muna
Uskayaw
Vehumet
Xom
Beogh
Jiyva

Shops:
Orc:2 [[(![   Elf:1 =   Elf:2 ?   Elf:3 !   Shoals:1 *   Snake:2 =   Vaults:2 *
Depths:1 *   Depths:2 (   Depths:3 %?[=

Portals:
Hell: Depths:1 Depths:2 Depths:3 Depths:4 Depths:5
Abyss: Depths:1 Depths:4
Pandemonium: Depths:1 Depths:3
Ziggurat: Depths:1

Annotations:
Lair:8 1 runed door


Innate Abilities, Weirdness & Mutations

You are under a permanent stasis effect.
You can dig through walls and to a lower floor.
Your four strong arms can wield two-handed weapons with a shield.
You have a pair of large antennae on your head. (SInv)
You have a beak for a mouth.
Scrolls take you a little longer to read.
You possess an exceptional clarity of mind.
You are clumsy. (Dex -2)
Armour fits poorly on your strangely shaped body.
Your body sometimes deteriorates upon taking damage.
Your muscles are strong. (Str +2)
Your spells are a little harder to cast, but a little more powerful.
You expend magic power (3 MP) to strengthen your wands.


Message History

The fireball explodes!
The fireball engulfs you! You resist.
* * * LOW HITPOINT WARNING * * *
You emit a cloud of dark smoke.
You take 19 damage, and have 8/222 hp.
Okay, then.
You feel better.
You hear a distant "Zot"!
You regained 10 hp, and now have 18/222 hp.
You feel better.
The orb of fire glows deep purple.
The fireball explodes!
The fireball engulfs you! You resist.
* * * LOW HITPOINT WARNING * * *
You emit a cloud of dark smoke.
You hear a roar!
You take 9 damage, and have 9/222 hp.
Okay, then.
You feel better.
The orb of fire glows yellow.
The bolt of fire hits you! You resist.
You die...

.###.....######...##########.....
....................../.†........
.................................
▓▓▓▓########.########▓▓▓▓########
...........(...# #........§§...##
#........§§...# ##....^..§§.§##
#.......§§@§# #..........
#.......*§§§## #..........
#......^..(.§.# #..........
#..........§§.## #.(........
...............## .(.....(.!
..###########...###.(....... .#
##....##(....... ###..^))(((.(..
#▓▓▓▓▓▓▓▓▓▓▓#


You could see an orb of fire.

Vanquished Creatures
  5 orbs of fire
  A juggernaut (Depths:4)
  Mennas (Depths:5)
  An ancient lich (Zot:5)
  The ghost of tstbtto the Impregnable, a veteran DDFi of Makhleb (Zot:5)
  A greater mummy (Depths:3)
  2 Killer Klowns
  A curse toe (Zot:4)
  3 caustic shrikes (Depths:3)
  Norris (Elf:3)
  10 golden dragons
  4 bone dragons
  4 electric golems
  Rupert (D:13)
  7 liches
  17 tentacled monstrosities
  4 titans
  9 Orb Guardians (Zot:5)
  A deep elf blademaster (Elf:3)
  A quicksilver dragon (Depths:4)
  10 death cobs
  An acid blob (Depths:4)
  3 sphinxes
  A deep elf master archer (Elf:3)
  Kirke (Shoals:4)
  3 tentacled starspawn (Abyss:2)
  14 shadow dragons
  3 krakens
  4 tengu reavers
  Ilsuiw (Shoals:4)
  24 storm dragons
  9 greater nagas
  20 frost giants
  16 fire giants
  4 draconian monks
  Donald (Snake:1)
  Maud (Orc:1)
  The ghost of Statics the Brawler, an adept VSMo of Cheibriados (Depths:2)
  An orc warlord (Orc:1)
  6 ghost moths
  3 iron dragons
  A juggernaut zombie (Depths:3)
  4 draconian knights
  Aizul (Snake:2)
  11 deep elf sorcerers
  7 draconian zealots
  A balrug (Depths:5)
  4 draconian scorchers
  15 vault wardens
  Louise (Shoals:3)
  14 ironheart preservers
  5 draconian annihilators
  6 draconian shifters
  3 war gargoyles
  3 deep elf elementalists (Elf:3)
  5 draconian callers
  40 very ugly things
  23 stone giants
  6 green draconians
  8 black draconians
  A vampire knight (Depths:3)
  6 purple draconians
  5 deep elf demonologists
  4 spark wasps (Depths:1)
  8 mottled draconians
  15 red draconians
  9 deep elf annihilators
  9 yellow draconians
  An orange crystal statue (WizLab)
  7 white draconians
  4 deep elf death magi
  18 ettins
  7 crystal guardians
  9 merfolk impalers
  4 death oozes (Depths:4)
  9 merfolk javelineers
  26 fire dragons
  A great orb of eyes (shapeshifter) (Depths:5)
  2 jiangshi (Depths:2)
  A minotaur (Lab)
  6 deep elf high priests
  23 yaktaur captains
  15 great orbs of eyes
  25 ice dragons
  28 vault guards
  7 entropy weavers
  Harold (Orc:1)
  A hell beast (Depths:3)
  Erolcha (D:13)
  6 hydras
  2 rakshasas
  15 anacondas
  5 centaur warriors
  5 spriggan air magi
  2 merfolk avatars (Shoals:4)
  20 naga warriors
  A satyr (Shoals:4)
  4 death knights
  A catoblepas (Lair:7)
  33 dancing weapons
  10 merfolk aquamancers
  17 ogre magi
  3 alligator snapping turtles
  12 naga sharpshooters
  4 tengu warriors
  A vampire mage (Depths:2)
  8 deep troll shamans
  A titan zombie (Depths:3)
  10 deep troll earth magi
  2 thrashing horrors (Abyss:2)
  3 spriggan berserkers
  6 shock serpents
  2 orc high priests
  A soul eater (Depths:1)
  3 sun demons
  28 deep elf knights
  Sonja (D:13)
  A wretched star (Abyss:2)
  4 wizards
  2 storm dragon skeletons
  7 iron trolls
  A golden dragon zombie (Depths:3)
  A spatial maelstrom (Abyss:2)
  2 shadow wraiths
  A sea snake (shapeshifter) (Vaults:5)
  3 salamander mystics
  19 sea snakes
  10 hell knights
  5 unseen horrors
  A giant orange brain (shapeshifter) (D:15)
  A swamp dragon (Zot:1)
  2 spark wasp zombies (Depths:3)
  3 flayed ghosts
  10 starcursed masses (Abyss:2)
  8 naga ritualists
  30 deep trolls
  A putrid demonspawn (Depths:1)
  Pikel (D:6)
  22 ironbrand convokers
  A mana viper (shapeshifter) (Vaults:4)
  29 deep elf archers
  4 phantasmal warriors
  An anubis guard (shapeshifter) (Vaults:5)
  9 necromancers
  16 orc knights
  7 giant orange brains
  7 hill giants
  An iron dragon zombie (Depths:3)
  2 fauns (Shoals:3)
  3 hornets
  A sphinx zombie (Depths:3)
  2 frost giant zombies (Vaults:5)
  2 fire giant zombies (Depths:3)
  A tengu skeleton (Vaults:4)
  4 orc sorcerers
  83 deep elf magi
  A salamander (shapeshifter) (D:15)
  12 cyclopes
  8 mana vipers
  27 harpies
  34 ugly things
  15 salamanders
  A hornet (shapeshifter) (Vaults:2)
  19 griffons
  14 naga magi
  2 worldbinders (Abyss:2)
  38 moths of wrath
  A stone giant zombie (Vaults:5)
  20 vault sentinels
  3 elephants (Lair:6)
  2 sixfirhies (Abyss:2)
  31 black mambas
  14 manticores
  7 sirens
  An apocalypse crab (Abyss:2)
  A black mamba (shapeshifter) (Vaults:1)
  8 guardian serpents
  A stone giant skeleton (Vaults:4)
  An ice statue (IceCv)
  3 smoke demons (Abyss:2)
  4 water nymphs
  15 spiny frogs
  8 kobold demonologists
  9 small abominations
  A yaktaur zombie (Vaults:5)
  7 komodo dragons
  9 rime drakes
  74 yaktaurs
  A tormentor (Depths:1)
  3 guardian mummies (Depths:3)
  2 rime drakes (shapeshifter) (Vaults:1)
  A hellwing (Abyss:2)
  11 freezing wraiths
  2 ancient zymes (Abyss:2)
  A red devil (Depths:1)
  A silent spectre (Abyss:2)
  5 harpy zombies (Shoals:3)
  3 jumping spiders
  A queen bee (shapeshifter) (Vaults:2)
  5 tengu conjurers
  2 ice devils
  31 merfolk
  11 trolls
  A merfolk (shapeshifter) (Vaults:1)
  2 polar bears (shapeshifter)
  5 wind drakes
  Prince Ribbit (Lair:3)
  A minotaur zombie (Lab)
  14 polar bears (IceCv)
  A tengu simulacrum (Vaults:1)
  21 two-headed ogres
  4 meliai (shapeshifter)
  23 slime creatures
  A raiju (shapeshifter) (Depths:3)
  24 blink frogs
  A meliai zombie (D:14)
  3 raiju (Abyss:2)
  An ettin zombie (Depths:3)
  7 boulder beetles
  A griffon zombie (Shoals:3)
  11 snapping turtles
  A snapping turtle (shapeshifter) (Vaults:5)
  17 water elementals
  A spriggan (shapeshifter) (Vaults:4)
  11 air elementals
  A human simulacrum (Vaults:2)
  2 ynoxinuls
  18 redbacks
  2 spriggans
  7 wyverns
  A shadow (D:13)
  Eustachio (D:6)
  3 wraiths
  A vampire (D:13)
  2 fire bats (Volcano)
  A golden eye (shapeshifter) (Vaults:3)
  7 hogs
  69 yaks
  3 hungry ghosts
  9 basilisks
  4 fire elementals
  7 ice beasts
  3 neqoxecs (Abyss:2)
  23 hippogriffs
  A human (D:10)
  A chaos spawn (Depths:3)
  4 wargs
  3 steam dragons (Lair:8)
  10 vampire mosquitoes
  A spatial vortex (Abyss:2)
  A hippogriff (shapeshifter) (D:11)
  2 mottled dragons
  10 large abominations
  58 nagas
  A soldier ant (D:10)
  16 water moccasins
  Duvessa (D:4)
  4 hell hounds
  An ice beast (shapeshifter) (Vaults:2)
  14 porcupines
  A deep troll skeleton (Vaults:4)
  2 giant eyeballs (Depths:1)
  4 swamp drakes (Lair:8)
  3 eyes of draining
  45 orc warriors
  2 sky beasts
  3 phantoms
  3 wasps
  32 wolves
  55 ogres
  11 boggarts
  14 centaurs
  17 crocodiles
  17 big kobolds
  An elf zombie (Ossuary)
  26 giant frogs
  A gnoll sergeant (Orc:1)
  2 earth elementals (Elf:1)
  Dowan (D:4)
  A wyvern skeleton (D:13)
  2 scorpions (D:11)
  A troll zombie (D:10)
  An elf simulacrum (Vaults:4)
  5 killer bees (D:10)
  9 wights
  4 howler monkeys
  4 electric eels
  10 crimson imps
  4 centaur zombies
  7 jellies
  26 orc priests
  A giant frog zombie (D:6)
  5 hounds
  4 centaur skeletons
  2 giant frog skeletons
  An iron imp (Depths:1)
  Jessica (D:2)
  13 iguanas
  Natasha (thrice) (D:4 D:7)
  33 orc wizards
  15 worker ants
  31 sheep
  7 ogre zombies (D:10)
  7 mummies
  A hound skeleton (D:5)
  Robin (D:4)
  12 gnolls
  A howler monkey skeleton (D:7)
  39 river rats
  10 adders
  5 shadow imps
  8 oozes
  3 adder zombies
  2 worms
  2 dart slugs
  8 giant geckos
  137 orcs
  A bat zombie (Shoals:3)
  4 giant cockroaches
  15 goblins
  14 hobgoblins
  12 jackals
  8 quokkas
  11 bats
  5 giant newts
  A goblin skeleton (D:10)
  A goblin zombie (D:10)
  A hobgoblin skeleton (D:10)
  14 hobgoblin zombies
  4 jackal zombies (Ossuary)
  45 kobolds
  10 kobold zombies (Ossuary)
  23 orc zombies
  A quokka skeleton (D:8)
  7 rats
  2 rat zombies (Ossuary)
  A bush (Lair:7)
  2 plants
  3 starspawn tentacles (Abyss:2)
  5 tentacles
2898 creatures vanquished.

Vanquished Creatures (collateral kills)
  Jory (Vaults:2)
  A green death (Abyss:2)
  A black mamba (Lair:8)
  A raiju (Abyss:2)
  A crocodile (Lair:8)
  A small abomination (Abyss:2)
6 creatures vanquished.

Vanquished Creatures (others)
  A tentacled monstrosity (Zot:1)
  A sphinx (Vaults:1)
  A draconian knight (Zot:1)
  A draconian zealot (Depths:5)
  A deep elf elementalist (Elf:3)
  A hell hog (Abyss:2)
  A giant orange brain (Abyss:2)
  An elephant (Lair:6)
  A black mamba (Snake:4)
  A komodo dragon (Lair:8)
  A human (Shoals:4)
  A slave (D:6)
  4 ogres
  A centaur (D:11)
  A giant frog (D:6)
  2 orc wizards (D:6)
  A shadow imp (D:6)
  3 orcs (D:6)
  A hobgoblin zombie (D:10)
  7 fungi
  A lurking horror (Abyss:2)
  11 plants
  7 starspawn tentacles (Abyss:2)
  270 starspawn tentacle segments (Abyss:2)
  7 tentacles
  209 tentacle segments
537 creatures vanquished.

Grand Total: 3441 creatures vanquished

Notes
Turn   | Place    | Note
--------------------------------------------------------------
     0 | D:1      | namelastname112 the Formicid Assassin began the quest for the Orb.
     0 | D:1      | Reached XP level 1. HP: 16/16 MP: 1/1
    20 | D:1      | Reached skill level 1 in Dodging
   489 | D:1      | Reached XP level 2. HP: 23/23 MP: 2/2
  1102 | D:1      | Reached skill level 1 in Shields
  1102 | D:1      | Reached XP level 3. HP: 28/28 MP: 3/3
  1331 | D:1      | Liquid: провтыкал момент
  1377 | D:2      | namelastname112: какой
  1381 | D:2      | Reached skill level 5 in Stealth
  1385 | D:2      | Liquid: сколько ev было то?
  1408 | D:2      | namelastname112: 69
  1426 | D:2      | Liquid: найс
  1426 | D:2      | Found an iron altar of Okawaru.
  1506 | D:2      | Liquid: неплохое число
  1509 | D:2      | Reached XP level 4. HP: 15/34 MP: 4/4
  1813 | D:2      | namelastname112: Да
  1813 | D:2      | namelastname112: идеально вообще
  2106 | D:2      | Found a shadowy altar of Dithmenos.
  2184 | D:2      | Reached XP level 5. HP: 17/40 MP: 5/5
  2507 | D:2      | Became a worshipper of Dithmenos the Shadowed
  2651 | D:2      | Noticed Jessica
  2662 | D:2      | Killed Jessica
  3641 | D:3      | Reached XP level 6. HP: 34/47 MP: 6/6
  3647 | D:3      | Reached * piety under Dithmenos
  4140 | D:3      | Found a stormy altar of Qazlal.
  4262 | D:4      | Noticed Duvessa
  4279 | D:4      | Noticed Dowan
  4286 | D:4      | Killed Duvessa
  4297 | D:4      | Killed Dowan
  4297 | D:4      | Reached XP level 7. HP: 21/53 MP: 7/7
  4983 | D:4      | Noticed Robin
  5006 | D:4      | Killed Robin
  5115 | D:4      | Reached XP level 8. HP: 56/60 MP: 8/8
  5350 | D:4      | Noticed Natasha
  5362 | D:4      | Killed Natasha
  5393 | D:5      | Entered Level 5 of the Dungeon
  5697 | D:4      | Noticed Natasha
  5936 | D:5      | Found an opulent altar of Gozag.
  6077 | D:5      | Found a deep blue altar of Sif Muna.
  6200 | D:5      | Reached ** piety under Dithmenos
  6689 | D:6      | Noticed Pikel
  6698 | D:6      | Killed Pikel
  6698 | D:6      | Reached skill level 5 in Fighting
  6698 | D:6      | Reached skill level 5 in Short Blades
  6698 | D:6      | Reached skill level 5 in Shields
  6698 | D:6      | Reached XP level 9. HP: 61/68 MP: 9/9
  6839 | D:6      | Noticed Eustachio
  6860 | D:6      | Killed Eustachio
  6860 | D:6      | Reached skill level 5 in Throwing
  6996 | D:6      | Found a shimmering altar of Xom.
  6998 | D:6      | Found a shimmering altar of Xom.
  6999 | D:6      | Found a shimmering altar of Xom.
  6999 | D:6      | Found a shimmering altar of Xom.
  6999 | D:6      | Found a shimmering altar of Xom.
  7003 | D:6      | Found a shimmering altar of Xom.
  7003 | D:6      | Found a shimmering altar of Xom.
  7524 | D:7      | Killed Natasha
  7567 | D:7      | Noticed Natasha
  7594 | D:7      | Killed Natasha
  7594 | D:7      | Reached XP level 10. HP: 70/76 MP: 10/10
  7760 | D:7      | namelastname112: хм
  7760 | D:7      | namelastname112: хексы +2
  7760 | D:7      | namelastname112: занятно
  7832 | D:7      | Reached skill level 5 in Dodging
  8039 | D:7      | Reached *** piety under Dithmenos
  8395 | D:7      | Found a staircase to the Ecumenical Temple.
  8581 | D:8      | Found a staircase to the Lair.
  8610 | D:8      | Found a sand-covered staircase.
  8618 | Ossuary  | Entered an ossuary
  8773 | Ossuary  | Reached **** piety under Dithmenos
  8909 | D:8      | Found an ancient bone altar of Kikubaaqudgha.
  9211 | D:8      | crauler: >Tengu of Ru
  9211 | D:8      | crauler: >Fo of Dith
  9211 | D:8      | crauler: stop
  9211 | D:8      | namelastname112: че
  9211 | D:8      | namelastname112: че такое
  9216 | D:8      | Learned a level 4 spell: Fulminant Prism
  9339 | D:8      | crauler: доколе стабать то
  9375 | D:8      | namelastname112: а че
  9375 | D:8      | namelastname112: стабать это охуенно
 10231 | D:9      | xeno23: ты еще минотавра стабера сделай
 10252 | D:9      | Got a translucent long sword
 10272 | D:9      | Identified the +11 long sword "Taasotueno" {drain, rElec} (You found it on level 9 of the Dungeon)
 10273 | D:9      | namelastname112: лол
 10273 | D:9      | xeno23: нойс меч
 10703 | D:9      | Found a shattered altar of Ashenzari.
 10764 | D:9      | Reached XP level 11. HP: 84/84 MP: 11/11
 10862 | D:9      | Got a fine leather armour
 10873 | D:9      | Identified the cursed +0 leather armour of the Hills {rElec} (You found it on level 9 of the Dungeon)
 10966 | D:9      | namelastname112: а че
 10966 | D:9      | namelastname112: минотавр вполне себе стаббер был бы
 10983 | D:10     | Entered Level 10 of the Dungeon
 11006 | D:10     | Found a staircase to the Orcish Mines.
 11041 | D:10     | xeno23: да из любой расы можно стабера сделать
 11062 | D:10     | xeno23: кроме кента
 11167 | D:10     | Reached ***** piety under Dithmenos
 11228 | D:10     | xeno23: ну и жирных уебков
 11453 | D:10     | namelastname112: бля
 11453 | D:10     | namelastname112: ну а че мне
 11453 | D:10     | namelastname112: надеть бронь потяжелее
 11453 | D:10     | namelastname112: и табать чели
 11481 | D:10     | Noticed a hill giant
 11668 | D:10     | Killed a hill giant
 11770 | D:10     | Reached skill level 10 in Stealth
 12286 | D:10     | Noticed an unseen horror
 12294 | D:10     | Killed an unseen horror
 12468 | D:11     | Noticed a cyclops
 12475 | D:11     | Killed a cyclops
 12943 | D:11     | Noticed a hill giant
 12965 | D:11     | Killed a hill giant
 13049 | D:11     | Noticed a red ugly thing
 13069 | D:11     | Killed a red ugly thing
 13078 | D:11     | Gained mutation: You are frail. (-10% HP) [mutagenic meat]
 13079 | D:11     | Lost mutation: You are frail. (-10% HP) [mutagenic meat]
 13080 | D:11     | Gained mutation: Armour fits poorly on your strangely shaped body. [mutagenic meat]
 13081 | D:11     | Gained mutation: You are partially covered in molten scales. (AC +1) [mutagenic meat]
 13306 | D:11     | Gained mutation: You are clumsy. (Dex -2) [potion of mutation]
 13306 | D:11     | Gained mutation: You have a beak for a mouth. [potion of mutation]
 13306 | D:11     | Lost mutation: You are clumsy. (Dex -2) [potion of mutation]
 13307 | D:11     | xeno23: ну вообще хорошая идея
 13349 | D:11     | namelastname112: ну бля
 13349 | D:11     | namelastname112: можно
 13349 | D:11     | namelastname112: хули
 13510 | D:6      | xeno23: ищи короче
 13521 | D:6      | xeno23: триплу или экзек
 13521 | D:6      | xeno23: лардж щит резистанса
 13557 | D:7      | xeno23: и снайпера
 13580 | D:8      | xeno23: будет муравей-угнетатель
 13600 | D:9      | namelastname112: лол
 13600 | D:9      | namelastname112: снайпер с дисом
 13600 | D:9      | namelastname112: ммм
 13618 | D:10     | namelastname112: можно начать арбалеты дрочить
 13618 | D:10     | namelastname112: так-то
 13618 | D:10     | xeno23: да
 13618 | D:10     | xeno23: и свапать с щитом
 13927 | D:7      | xeno23: неплохо было бы лардж щит найти
 14024 | D:7      | xeno23: там от него дохуище сх
 14029 | D:7      | Reached XP level 12. HP: 94/94 MP: 12/12
 14177 | Orc:1    | Entered Level 1 of the Orcish Mines
 14273 | D:11     | Reached skill level 1 in Armour
 14303 | D:11     | Noticed a six-headed hydra
 14309 | D:11     | xeno23: хммм
 14309 | D:11     | namelastname112: ой
 14309 | D:11     | xeno23: лол
 14336 | D:11     | xeno23: блядь
 14552 | D:10     | namelastname112: охуевшая какая гидра
 14552 | D:10     | xeno23: чудом выжил
 14791 | D:10     | Reached skill level 1 in Crossbows
 14792 | D:10     | xeno23: с таким ац
 14938 | D:11     | Reached skill level 1 in Long Blades
 14940 | D:11     | Reached skill level 2 in Crossbows
 15165 | D:11     | Noticed a soul eater
 15264 | D:11     | Killed a six-headed hydra
 15264 | D:11     | Reached skill level 3 in Crossbows
 15538 | D:12     | Noticed a death knight
 15538 | D:12     | Noticed an unseen horror
 15765 | D:12     | Killed an unseen horror
 15887 | D:12     | HP: 4/94 [death knight/nerve-wracking pain (2)]
 15895 | D:12     | Killed a death knight
 15895 | D:12     | Reached skill level 4 in Crossbows
 16420 | D:12     | Reached skill level 5 in Armour
 16734 | D:12     | Found a portal to a secret trove of treasure.
 16743 | D:12     | namelastname112: блять
 16743 | D:12     | namelastname112: ну вот нахуя
 16743 | D:12     | namelastname112: сука
 16999 | D:12     | Reached skill level 5 in Crossbows
 16999 | D:12     | Reached XP level 13. HP: 101/101 MP: 13/13
 17146 | D:12     | Reached ****** piety under Dithmenos
 17624 | D:13     | Noticed Erolcha
 17633 | D:13     | Killed Erolcha
 17762 | D:13     | Noticed Rupert
 17781 | D:13     | Killed Rupert
 17781 | D:13     | Reached skill level 6 in Crossbows
 18896 | D:13     | Reached skill level 7 in Crossbows
 19154 | D:13     | Found a gate to the Vaults.
 19320 | D:13     | Noticed a centaur warrior
 19332 | D:13     | Killed a centaur warrior
 19332 | D:13     | Reached skill level 10 in Fighting
 19332 | D:13     | Reached skill level 5 in Long Blades
 19559 | D:13     | Noticed Sonja
 19562 | D:13     | Killed Sonja
 20281 | D:14     | Noticed a centaur warrior
 20300 | D:14     | Killed a centaur warrior
 20300 | D:14     | Reached XP level 14. HP: 108/110 MP: 14/14
 20478 | D:15     | Entered Level 15 of the Dungeon
 20528 | D:15     | Found a frozen archway.
 20557 | IceCv    | Entered an ice cave
 20809 | IceCv    | Reached skill level 8 in Crossbows
 21205 | IceCv    | Noticed a white draconian
 21224 | IceCv    | Killed a white draconian
 21872 | D:15     | Got a shimmering eveningstar
 21873 | D:15     | Identified the +9 eveningstar of Omoiweal {crush, rPois rC+ MR+ Dex-2} (You found it on level 15 of the Dungeon)
 21874 | D:15     | namelastname112: бля
 22541 | Orc:1    | Noticed Harold
 22562 | Orc:1    | Killed Harold
 22660 | Orc:1    | Noticed Maud
 22684 | Orc:1    | Killed Maud
 22684 | Orc:1    | Reached skill level 9 in Crossbows
 23325 | Orc:2    | Entered Level 2 of the Orcish Mines
 23350 | Orc:2    | Found Vistraesu's Antique Armour Emporium.
 23369 | Orc:2    | Bought an ancient ring mail for 297 gold pieces
 23379 | Orc:2    | Identified the +1 ring mail "Xekor" {rCorr Dex+4 SInv} (You bought it in a shop on level 2 of the Orcish Mines)
 23557 | Orc:2    | Found a staircase to the Elven Halls.
 23732 | Orc:2    | Found a roughly hewn altar of Beogh.
 23826 | Orc:2    | Found a roughly hewn altar of Beogh.
 23853 | Orc:2    | Found Lizamm's Armour Emporium.
 24153 | Orc:2    | Found a roughly hewn altar of Beogh.
 24174 | Orc:2    | Found Nerompuh's Distillery.
 24189 | Orc:2    | Bought a potion of cancellation for 96 gold pieces
 24189 | Orc:2    | Bought a potion of ambrosia for 96 gold pieces
 24295 | Orc:2    | Found a roughly hewn altar of Beogh.
 24389 | Orc:2    | Noticed an orc warlord
 24451 | Orc:2    | Reached XP level 15. HP: 107/118 MP: 15/15
 25134 | Orc:1    | Killed an orc warlord
 25134 | Orc:1    | Reached skill level 10 in Armour
 25741 | Orc:2    | Found a roughly hewn altar of Beogh.
 25823 | Orc:2    | Found Empatoe's Antique Weapon Emporium.
 25827 | Orc:2    | Found a roughly hewn altar of Beogh.
 25952 | Orc:2    | Found Beomaov's Antique Armour Shoppe.
 25967 | Orc:2    | Bought a distressingly furry large shield for 361 gold pieces
 25977 | Orc:2    | Identified the +2 large shield "Jomome" {rElec Str+2} (You bought it in a shop on level 2 of the Orcish Mines)
 26151 | Lair:1   | Entered Level 1 of the Lair of Beasts
 26197 | Lair:1   | Identified Zemoocas's Papyrus of Aid and Feathers
 27932 | Lair:3   | jacquesderrida: hai
 27967 | Lair:3   | jacquesderrida: che tyt y nac
 28270 | Lair:3   | Noticed Prince Ribbit
 28272 | Lair:3   | Reached skill level 10 in Shields
 28274 | Lair:3   | Killed Prince Ribbit
 28274 | Lair:3   | Reached skill level 10 in Dodging
 28278 | Lair:3   | Reached skill level 10 in Crossbows
 28293 | Lair:3   | Reached skill level 1 in Evocations
 28956 | Lair:4   | Found a dark tunnel.
 28970 | Volcano  | Entered a volcano
 29104 | Volcano  | jacquesderrida: ME4
 29124 | Volcano  | M4edhros: hi there
 29157 | Volcano  | jacquesderrida: gello
 29170 | Volcano  | M4edhros: jello
 29172 | Volcano  | M4edhros: :)
 29174 | Lair:4   | namelastname112: hello
 29174 | Lair:4   | jacquesderrida: :D
 29307 | Lair:4   | Found a staircase to the Shoals.
 29706 | Lair:4   | jacquesderrida: sleer
 29940 | Lair:5   | Found a staircase to the Snake Pit.
 30255 | Lair:5   | Lost mutation: Armour fits poorly on your strangely shaped body. [potion of cure mutation]
 30255 | Lair:5   | Lost mutation: You are partially covered in molten scales. (AC +1) [potion of cure mutation]
 30255 | Lair:5   | Lost mutation: You have a beak for a mouth. [potion of cure mutation]
 30707 | Lair:6   | Reached XP level 16. HP: 127/127 MP: 17/17
 32262 | Lair:8   | Entered Level 8 of the Lair of Beasts
 32360 | Lair:8   | Found a labyrinth entrance.
 32375 | Lab      | Entered a labyrinth
 32955 | Lab      | Got a dazzling shield
 32966 | Lab      | Identified the -6 shield of Xirireudd {rCorr Str+2} (You found it in a labyrinth)
 32979 | Lab      | Identified a +2 rod of clouds (12/12) (You found it in a labyrinth)
 33308 | Lair:8   | Reached skill level 11 in Crossbows
 33437 | Lair:8   | Found a runed door.
 33437 | Lair:8   | Found a viscous altar of Jiyva.
 33455 | Lair:8   | Found a staircase to the Slime Pits.
 33734 | Lair:8   | M4edhros: ring of ev
 34110 | Lair:8   | M4edhros: you have ev ring if im not wrong
 34110 | Lair:8   | namelastname112: no
 34110 | Lair:8   | namelastname112: ac ring
 34110 | Lair:8   | namelastname112: well
 34110 | Lair:8   | M4edhros: ring of evasion, u picked it up
 34110 | Lair:8   | M4edhros: like 1k turns back
 34110 | Lair:8   | namelastname112: well
 34110 | Lair:8   | M4edhros: thats weird!
 34110 | Lair:8   | M4edhros: : )
 34110 | Lair:8   | namelastname112: it was like
 34110 | Lair:8   | namelastname112: +1
 34110 | Lair:8   | M4edhros: ah
 34110 | Lair:8   | M4edhros: ok
 34411 | Elf:1    | Entered Level 1 of the Elven Halls
 34433 | Elf:1    | Found a radiant altar of Vehumet.
 34654 | Elf:1    | Noticed a deep elf sorcerer
 34677 | Elf:1    | Killed a deep elf sorcerer
 34695 | Elf:1    | Reached XP level 17. HP: 105/134 MP: 20/20
 34752 | Elf:1    | Identified the Tome of Absolutism
 34822 | Elf:1    | Found Hoetota's Jewellery Shoppe.
 34921 | Elf:1    | Bought the ring "Qogautuo" {Wiz rF+ rC+} for 561 gold pieces
 35035 | Elf:1    | Reached skill level 5 in Evocations
 35587 | Elf:2    | Reached skill level 12 in Crossbows
 35661 | Elf:2    | Found a runed gate.
 35661 | Elf:2    | Found a runed gate.
 35662 | Elf:2    | Found a runed gate.
 35978 | Elf:2    | Found Voetoule's Magic Scroll Shop.
 36392 | Elf:2    | Reached skill level 10 in Long Blades
 36494 | Elf:2    | Reached XP level 18. HP: 140/143 MP: 22/22
 36922 | Elf:3    | Entered Level 3 of the Elven Halls
 36922 | Elf:3    | Noticed Norris
 37002 | Elf:3    | Found a magical portal.
 37005 | WizLab   | Entered Wucad Mu's Monastery
 37006 | WizLab   | namelastname112: whoops
 37130 | WizLab   | jacquesderrida: ebat
 37243 | WizLab   | jacquesderrida: EGGSPERIENCE
 37250 | WizLab   | Reached skill level 13 in Crossbows
 37250 | WizLab   | jacquesderrida: oiiiiiiiiiiii
 37250 | WizLab   | Reached XP level 19. HP: 131/149 MP: 22/24
 37251 | WizLab   | Gained mutation: You have a beak for a mouth. [potion of beneficial mutation]
 37286 | WizLab   | jacquesderrida: So
 37346 | Elf:3    | jacquesderrida: Where is the laborathory
 37346 | Elf:3    | jacquesderrida: And who is the wizard
 37346 | Elf:3    | namelastname112: надо магом стать теперь
 37381 | Elf:3    | jacquesderrida: Стань нагим
 37393 | Elf:3    | jacquesderrida: плс
 37394 | Elf:3    | jacquesderrida: спс
 37659 | Elf:3    | Found Votize's Distillery.
 37662 | Elf:3    | Bought a potion of curing for 51 gold pieces
 37662 | Elf:3    | Bought a potion of curing for 51 gold pieces
 37667 | Elf:3    | Found a portal to a secret trove of treasure.
 37770 | Elf:2    | namelastname112: бля
 37770 | Elf:2    | namelastname112: норррис сука
 38122 | Snake:1  | Entered Level 1 of the Snake Pit
 38159 | Snake:1  | Noticed Donald
 38167 | Snake:1  | Killed Donald
 38594 | Snake:1  | jacquesderrida: че за норес
 38625 | Snake:1  | jacquesderrida: ар балест
 38691 | Snake:1  | namelastname112: значение знаешь?
 38903 | Snake:1  | jacquesderrida: На мир
 39313 | Snake:2  | Found Cemy's Jewellery Shoppe.
 39313 | Snake:2  | Noticed Aizul
 39787 | Snake:2  | Killed Aizul
 39948 | Snake:2  | Bought a +5 ring of slaying for 1478 gold pieces
 41362 | Snake:3  | Reached XP level 20. HP: 158/158 MP: 25/25
 42226 | Elf:3    | Killed Norris
 42226 | Elf:3    | Reached skill level 14 in Crossbows
 42877 | Elf:3    | Cast into level 2 of the Abyss (a ghostly deep elf sorcerer)
 42937 | Abyss:2  | Got a pitted plate armour
 42996 | Abyss:2  | Identified the +9 plate armour of Pumaamp {rN+} (You found it on level 2 of the Abyss)
 43090 | Abyss:2  | Noticed a bone dragon
 43426 | Elf:3    | Escaped the Abyss
 43531 | Elf:3    | Cast into level 2 of the Abyss (a deep elf sorcerer)
 43992 | Abyss:2  | Reached skill level 15 in Shields
 44032 | Elf:3    | Escaped the Abyss
 44160 | Elf:3    | Noticed a Hell Sentinel
 44353 | Elf:3    | Reached XP level 21. HP: 96/165 MP: 27/27
 44526 | Elf:3    | Reached skill level 15 in Crossbows
 44790 | Elf:3    | Identified the Tome of the Ghastly Escort
 44796 | Elf:3    | Identified the Papyrus of Conjuration
 44865 | Elf:3    | Got a crystal blowgun
 44866 | Elf:3    | Identified the +12 blowgun of Huqeenod {speed, rElec rF+ Dex+3} (You found it on level 3 of the Elven Halls)
 44904 | Elf:3    | Got a sparkling wooden ring
 44905 | Elf:3    | Identified the ring of Enel {rC+ AC+1 Int+6 Dex-5} (You found it on level 3 of the Elven Halls)
 45039 | Elf:3    | jacquesderrida: че там снайпир нашел
 45042 | Elf:3    | jacquesderrida: снай пир
 45042 | Elf:3    | namelastname112: нет еще
 45048 | Elf:3    | jacquesderrida: Пора бы
 45510 | Snake:4  | Entered Level 4 of the Snake Pit
 46323 | Snake:4  | Reached skill level 10 in Evocations
 47372 | Snake:4  | Got a serpentine rune of Zot
 47461 | Snake:4  | Reached XP level 22. HP: 174/174 MP: 29/29
 48148 | Vaults:1 | Entered Level 1 of the Vaults
 48218 | Vaults:1 | Reached skill level 15 in Fighting
 48520 | Vaults:1 | Reached skill level 16 in Crossbows
 48810 | Vaults:1 | M4edhros: ur realy lucky with ammount of bolts u find
 48827 | Vaults:1 | namelastname112: well
 48827 | Vaults:1 | namelastname112: vaults is full of yaktaurs
 49055 | Vaults:1 | namelastname112: here was the new monster
 49055 | Vaults:1 | namelastname112: lol
 50149 | Vaults:2 | Reached XP level 23. HP: 182/182 MP: 31/31
 50228 | Vaults:2 | Noticed Jory
 50246 | Vaults:2 | Killed Jory
 50501 | Vaults:2 | Reached skill level 15 in Armour
 50798 | Vaults:2 | M4edhros: i meant before vaults though
 50844 | Vaults:2 | Found Dumy's General Store.
 50855 | Vaults:2 | M4edhros: u had constant supply through all lair and past
 50866 | Vaults:2 | namelastname112: well
 50866 | Vaults:2 | namelastname112: i haven't used xbow unti like
 50866 | Vaults:2 | namelastname112: late d
 50866 | Vaults:2 | namelastname112: but yeah
 50921 | Vaults:2 | Cast into level 3 of the Abyss (a deep elf sorcerer)
 50969 | Vaults:2 | Escaped the Abyss
 50971 | Vaults:2 | Reached skill level 17 in Crossbows
 51436 | Vaults:3 | Found a staircase to the Crypt.
 51684 | Vaults:3 | Reached skill level 18 in Crossbows
 52517 | Vaults:4 | Reached skill level 19 in Crossbows
 52735 | Vaults:4 | Reached XP level 24. HP: 177/190 MP: 31/31
 53615 | Vaults:4 | Reached skill level 20 in Crossbows
 53859 | Vaults:2 | Bought the +8 orange crystal plate armour {Archmagi, Int+3 Clar SustAt} for 2053 gold pieces
 54507 | D:15     | Found a staircase to the Depths.
 54516 | Depths:1 | Entered Level 1 of the Depths
 54980 | Depths:1 | Found a gateway to a ziggurat.
 55177 | Depths:1 | Found Wiynirir's Elemental Accessories.
 55302 | Depths:1 | Found a gateway to Hell.
 55345 | Depths:1 | Reached skill level 21 in Crossbows
 55464 | Depths:1 | Gained mutation: Your spells are a little harder to cast, but a little more powerful. [potion of beneficial mutation]
 55752 | Depths:1 | Found a one-way gate leading to the halls of Pandemonium.
 55824 | Depths:1 | Found a one-way gate to the infinite horrors of the Abyss.
 55996 | Depths:2 | Reached XP level 25. HP: 183/196 MP: 31/31
 56102 | Depths:2 | Noticed Statics's ghost (adept VSMo)
 56113 | Depths:2 | Killed Statics's ghost
 56166 | Depths:2 | Reached skill level 22 in Crossbows
 56358 | Depths:2 | Found Ympoas's Antique Weapon Boutique.
 57119 | Depths:2 | Reached skill level 23 in Crossbows
 57396 | Depths:3 | Found Geazoo's Food Shoppe.
 57568 | Depths:3 | Found Fyisk's Antique Armour Boutique.
 57740 | Depths:3 | Found Jeiledgh's Magic Scroll Boutique.
 57743 | Depths:3 | Bought a scroll of enchant armour for 165 gold pieces
 57872 | Depths:3 | Found Nyntonyo's Jewellery Emporium.
 58085 | Depths:3 | Reached XP level 26. HP: 201/203 MP: 31/31
 58318 | Depths:3 | Reached skill level 24 in Crossbows
 58399 | Depths:3 | Noticed a greater mummy
 58405 | Depths:3 | Killed a greater mummy
 59232 | Depths:4 | Reached skill level 25 in Crossbows
 59926 | Depths:4 | Found a hide-covered altar of Uskayaw.
 60416 | Depths:4 | Reached XP level 27. HP: 182/210 MP: 31/31
 60488 | Depths:5 | Entered Level 5 of the Depths
 60488 | Depths:5 | Noticed a juggernaut
 60505 | Depths:4 | Killed a juggernaut
 60507 | Depths:4 | Reached skill level 26 in Crossbows
 61495 | Depths:5 | Found a gate to the Realm of Zot.
 61644 | Depths:5 | Noticed Mennas
 61679 | Depths:5 | Killed Mennas
 61679 | Depths:5 | Reached skill level 27 in Crossbows
 61901 | Depths:5 | Got a steaming large shield
 61902 | Depths:5 | Identified the +8 large shield of the Furies {+Fly MR+} (You took it off Mennas on level 5 of the Depths)
 62235 | Shoals:1 | Entered Level 1 of the Shoals
 62800 | Shoals:1 | Gained mutation: You possess an exceptional clarity of mind. [potion of beneficial mutation]
 62801 | Shoals:1 | Gained mutation: Your muscles are strong. (Str +2) [potion of beneficial mutation]
 62926 | Shoals:1 | Found Red Lyliom's Assorted Antiques.
 63011 | Shoals:1 | Bought a scroll labeled ROASKOUCRY for 39 gold pieces
 64394 | Shoals:3 | Noticed Louise
 64402 | Shoals:3 | Killed Louise
 64424 | Shoals:4 | Entered Level 4 of the Shoals
 64532 | Shoals:4 | Noticed Kirke
 64547 | Shoals:4 | Killed Kirke
 64551 | Shoals:4 | Noticed Ilsuiw
 64557 | Shoals:4 | Killed Ilsuiw
 64772 | Shoals:4 | Got a barnacled rune of Zot
 65815 | Vaults:5 | Entered Level 5 of the Vaults
 66863 | Vaults:5 | Reached skill level 15 in Long Blades
 67432 | Vaults:5 | Got a crude tin ring
 67726 | Vaults:5 | Identified the cursed ring "Qeetuj" {*Confuse rPois AC-4 Dex+6} (You took it off a yaktaur on level 5 of the Vaults)
 67997 | Vaults:5 | Got a silver rune of Zot
 67999 | Vaults:5 | Got a scorched plate armour
 68000 | Vaults:5 | Identified the +0 plate armour "Riaw" {rF+ Dex+6} (You found it on level 5 of the Vaults)
 68608 | Depths:3 | Bought the amulet "Usiont" {rN+ Regen+ Str+2 Int+3 SInv} for 670 gold pieces
 68679 | Zot:1    | Entered Level 1 of the Realm of Zot
 70080 | Zot:1    | Reached skill level 15 in Dodging
 70238 | Zot:1    | jacquesderrida: hai
 70246 | Zot:1    | jacquesderrida: it me ageng
 70250 | Zot:1    | jacquesderrida: jeq
 71063 | Elf:3    | You paid a toll of a +3 gold dragon armour to enter a treasure trove
 71064 | Trove    | Entered a treasure trove
 71083 | Trove    | Got a smoking lead ring
 71098 | Trove    | Got a faintly glowing shield
 71099 | Trove    | Identified the +7 shield of Oraixog {rF- rC+ Int+2} (You found it in a treasure trove)
 71101 | Trove    | Identified the ring "Duc Ost" {rN+ Str+6 SInv} (You found it in a treasure trove)
 71751 | Zot:2    | Noticed an orb of fire
 71752 | Zot:2    | Gained mutation: You expend magic power (3 MP) to strengthen your wands. [an orb of fire]
 71756 | Zot:2    | Killed an orb of fire
 71756 | Zot:2    | Reached skill level 15 in Evocations
 72705 | Zot:3    | jacquesderrida: hai
 72713 | Zot:3    | jacquesderrida: gde pacany
 72743 | Zot:3    | namelastname112: hz
 73764 | Zot:4    | Noticed an orb of fire
 73765 | Zot:4    | Gained mutation: Your body sometimes deteriorates upon taking damage. [an orb of fire]
 73772 | Zot:4    | Killed an orb of fire
 74721 | Zot:5    | Entered Level 5 of the Realm of Zot
 74835 | Zot:5    | Noticed tstbtto's ghost (veteran DDFi)
 75162 | Zot:5    | Killed tstbtto's ghost
 75368 | Zot:5    | Noticed an ancient lich
 75373 | Zot:5    | Killed an ancient lich
 75382 | Zot:5    | Noticed an orb of fire
 75387 | Zot:5    | Killed an orb of fire
 75393 | Zot:5    | Noticed an orb of fire
 75397 | Zot:5    | Killed an orb of fire
 75420 | Zot:5    | Noticed an orb of fire
 75422 | Zot:5    | Gained mutation: Armour fits poorly on your strangely shaped body. [an orb of fire]
 75425 | Zot:5    | Gained mutation: You are clumsy. (Dex -2) [an orb of fire]
 75430 | Zot:5    | Killed an orb of fire
 75433 | Zot:5    | Noticed an orb of fire
 75433 | Zot:5    | Gained mutation: Scrolls take you a little longer to read. [an orb of fire]
 75435 | Zot:5    | HP: 8/222 [orb of fire/fireball (16)]
 75438 | Zot:5    | namelastname112: blyaaaaaaaaaaaa
 75438 | Zot:5    | Killed from afar by an orb of fire

Vault maps used:
D:1:      sevenhm_arrival_forest_fort_small_4
D:2:      nicolae_dithmenos_through_a_glass_darkly, okawaru_metal_pillars_3,
          uniq_jessica
D:3:      nicolae_qazlal_eye_of_the_storm
D:4:      first_bread, uniq_robin, uniq_duvessa, uniq_natasha
D:5:      lemuel_crystal_altar, lemuel_doored_altar, kennysheep_small_square
D:6:      nicolae_xom_altar_mimics, uniq_eustachio, uniq_pikel
D:7:      minmay_temple_entry_hall
D:8:      kiku_gazebo_garden_becter, minmay_lair_entry_lava,
          lightli_ossuary_entry_decrepit_ruins
D:9:      nicolae_ashenzari_panopticon, serial_glass, glass_columns_a,
          glass_columns_a, due_unseen_surprise
D:10:     zombieorc2_lemuel, hangedman_stone_soup, minmay_misc_feat_diagonals
D:11:     minmay_librarian
D:12:     enter_trove_2, minivault_25
D:13:     hangedman_vaults_entry_quadrant_bands, uniq_erolcha, uniq_sonja,
          uniq_rupert
D:14:     glass_columns_b
D:15:     gammafunk_enter_depths_forms, portal_ice_cave_rime,
          serial_column_ruins, column_ruins_hut, column_ruins_hut_water,
          column_ruins_corridor_straight, column_ruins_open_small_water,
          column_ruins_corridor_straight, column_ruins_corridor_straight
Lair:2:   grunt_megastairs_3
Lair:3:   grunt_megastairs_5, infiniplex_staircase_pool, uniq_prince_ribbit2
Lair:4:   elwin_shoals_entry_rocks, enter_volcano_1,
          cheibrodos_lair_caveside_slide
Lair:5:   dummy_snake_entry
Lair:6:   special_room, grunt_megastairs_2, infiniplex_staircase_pool_2,
          serial_bayou_shore_a
Lair:8:   guppyfry_lair_end_dragon, slime_altar_2, lab_entry_generic
Shoals:1: serial_shops, nicolae_shop_overgrown_old_shop
Shoals:3: nicolae_shoals_undead_eyrie, uniq_louise
Shoals:4: shoals_end_simple, shoal_ilsuiw, uniq_kirke
Snake:1:  serial_bayou_lagoon_a, nicolae_snake_squiggles, uniq_donald
Snake:2:  serial_shops, shop, spider_trap, uniq_aizul
Snake:4:  grunt_snake_rune_pools
Orc:1:    uniq_maud, uniq_harold
Orc:2:    grunt_orc_community_town_hall, grunt_orc_community_big_house_1,
          grunt_orc_community_big_house_1, grunt_orc_community_house_3,
          grunt_orc_community_house_3, grunt_orc_community_house_2,
          grunt_orc_community_house_1, grunt_orc_community_house_2,
          serial_shops, nicolae_shop_trees
Elf:1:    eino_elf_arrival_altar, serial_shops, nicolae_shop_trees,
          minmay_elf_demonology
Elf:2:    serial_shops, shop
Elf:3:    minmay_elf_hall_golems, enter_trove_1, serial_shops,
          nicolae_shop_behind_doors, mu_enter_wizlab_7, uniq_norris
Vaults:1: vaults_dpeg_hooks, nicolae_vaults_network_quinsquares,
          nicolae_vaults_little_squares_1, st_quartered_hall, v_rooms_6,
          ontoclasm_vaults_ring_small, v_pattern_3, ontoclasm_vaults_gateway,
          hangedman_vaults_nodes, nicolae_vaults_little_squares_5,
          vaults_room_corners, nicolae_vaults_windows_and_doors_thing
Vaults:2: nicolae_vaults_network_square, hangedman_vaults_cutoff, v_pattern_5,
          v_misc_10, kb_rosetta, hangedman_vaults_slither, v_alt_pattern_3,
          nicolae_vaults_network_star, nicolae_vaults_rhombus_6,
          vaults_room_octagon, ontoclasm_vaults_ring_square, serial_shops,
          nicolae_shop_waterfront, uniq_jory
Vaults:3: v_misc_22, vaults_mumra_hexcomb, ontoclasm_vaults_fault,
          hangedman_vaults_stretched_pinwheel, vaults_standard_mumra_lines,
          blue_anna_dwarven_crypt, ontoclasm_vaults_hangar,
          nicolae_vaults_little_squares_4, nicolae_vaults_branching_niches,
          hangedman_vaults_cutoff, ontoclasm_vaults_loading_screen, v_misc_28,
          nicolae_vaults_mini_display_case
Vaults:4: v_misc_19, vaults_room_stairs_pillars, vaults_room_octagon,
          hangedman_vaults_capsules, ontoclasm_vaults_misaligned,
          vaults_dpeg_spiral, dpeg_vaults_monster_row,
          ontoclasm_vaults_ring_small, st_cells, vaults_mumra_minichess,
          hangedman_vaults_maws, ontoclasm_vaults_chip
Vaults:5: serial_shops
Depths:1: enter_ziggurat_d, abyss_entry_small_statue_room,
          rand_demon_pan_entry_8, corexii_hall_statues_l,
          grunt_hell_entry_dis_grunt, nicolae_elemental_shop
Depths:2: grunt_house_of_mirrors, hell_entry, serial_shops,
          nicolae_shop_temple_entry_statues_fountains, infiniplex_staircase_x,
          corexii_leaking_fountain, minmay_misc_feat_alley
Depths:3: lemuel_minitomb, rand_demon_pan_entry_1, serial_shops,
          kennysheep_mini, shop, shop_fountains, shop, minmay_misc_feat_five,
          pf_dread_powers_of_hell, serial_bayou_crossing
Depths:4: regret_index_uskayaw_diablada_macabre, wad_floor_pattern_untrapped,
          hell_entry, abyss_entry, special_room, minmay_staircase_bubble
Depths:5: grunt_x_marks_the_spot, lightli_too_deep, nicolae_sextant,
          serial_glass, glass_columns_b, glass_columns_c, uniq_mennas
Zot:1:    st_large_dragon_hoard_3
Zot:3:    lemuel_draconian_sentries_small, grunt_ministairs_7
Zot:4:    st_stairs_11
Zot:5:    grunt_ministairs_7
Lab:      labyrinth_hidden_loot, nicolae_lab_arrow, nicolae_lab_lava
Trove:    trove_simple
Ossuary:  ossuary_tomb_1
IceCv:    ice_cave_small_giant
Volcano:  volcano_village
WizLab:   wizlab_wucad

Skill      XL: |  1  2  3  4  5  6  7  8  9 10 11 12 13 14 15 16 17 18 19 20 21 22 23 24 25 26 27 |
---------------+----------------------------------------------------------------------------------+-----
Dodging        | 1 2 3 4 5 7 8 9 10 11 12 13 16 | 16.3
Shields        | 1 2 3 5 6 7 9 10 12 13 14 15 19 | 19.2
Stealth        | 5 6 7 8 9 10 | 10.5
Fighting       | 3 4 5 6 7 8 9 10 11 12 13 14 15 19 | 19.2
Short Blades   | 3 4 5 6 7 |  7.6
Throwing       | 3 4 5 6 7 |  7.8
Armour         | 5 8 9 10 11 12 13 14 15 18 | 18.6
Crossbows      | 5 7 9 10 11 12 13 14 15 16 19 21 23 25 27 | 27.0
Long Blades    | 3 5 7 8 9 10 11 12 13 19 | 19.0
Evocations     | 2 4 6 7 9 10 11 16 | 16.5

Action                   |  1- 3 |  4- 6 |  7- 9 | 10-12 | 13-15 | 16-18 | 19-21 | 22-24 | 25-27 || total
-------------------------+-------+-------+-------+-------+-------+-------+-------+-------+-------++-------
Melee: Dagger            |    16 |       |       |       |       |       |       |       |       ||    16
       Short sword       |    73 |   156 |   290 |   432 |    17 |       |       |       |       ||   968
       Long sword        |       |       |       |   373 |   735 |   733 |   680 |   251 |    43 ||  2815
       Peck              |       |       |       |    36 |   165 |       |   175 |    76 |    13 ||   465
       Triple sword      |       |       |       |       |       |       |       |       |    42 ||    42
 Fire: Arbalest          |       |       |       |   107 |   739 |   431 |   789 |   944 |       ||  3010
       Triple crossbow   |       |       |       |       |       |     6 |       |   319 |  2649 ||  2974
Throw: Throwing net      |       |       |       |     1 |     2 |       |       |       |       ||     3
 Abil: Dig               |       |     2 |     4 |     6 |    14 |    16 |    29 |     1 |    17 ||    89
Evoke: Wand              |       |       |       |     2 |     1 |       |       |     1 |     4 ||     8
       Box of beasts     |       |       |       |       |       |       |     1 |     4 |       ||     5
  Use: Scroll            |       |       |    17 |    13 |     7 |     4 |     5 |     4 |    26 ||    76
       Potion            |       |       |       |     1 |     3 |     7 |     2 |     2 |    17 ||    32
 Stab: Sleeping          |     3 |     6 |     4 |    26 |     1 |       |       |       |       ||    40
       Distracted        |       |       |       |     5 |       |     2 |       |       |       ||     7
       Held in net/web   |       |       |       |     1 |     2 |       |       |       |       ||     3
       Confused          |       |       |       |       |     1 |       |       |     1 |       ||     2
  Eat: Chunk             |     9 |    13 |     8 |    23 |    33 |     9 |     6 |     4 |    19 ||   124
       Fruit             |       |       |       |     2 |       |       |       |       |       ||     2
       Pizza             |       |       |       |     2 |     1 |     3 |     1 |     1 |     1 ||     9
       Bread ration      |       |       |       |     1 |       |       |       |       |       ||     1
       Meat ration       |       |       |       |     1 |     3 |     2 |     5 |     4 |     7 ||    22
       Beef jerky        |       |       |       |       |     2 |       |       |     1 |       ||     3
       Royal jelly       |       |       |       |       |       |       |       |     1 |     4 ||     5
Armor: Robe              |    27 |    26 |    21 |    76 |       |       |       |       |       ||   150
       Ring mail         |       |    20 |    36 |    67 |    37 |       |       |       |       ||   160
       Plate armour      |       |       |       |       |   266 |   289 |   217 |   132 |       ||   904
       Crystal plate arm |       |       |       |       |       |       |       |   158 |   937 ||  1095
Dodge: Dodged            |    36 |   102 |   131 |   665 |   583 |   231 |   260 |   253 |   635 ||  2896
Block: Buckler           |     5 |    20 |    45 |   230 |   143 |       |       |       |       ||   443
       Shield            |       |       |       |       |   186 |       |       |       |       ||   186
       Large shield      |       |       |       |       |   280 |   818 |   906 |   846 |  2365 ||  5215
